[Event "FIDE Open World Rapid 2024"]
[Site "New York"]
[Date "2024.12.27"]
[Round "6.8"]
[White "Robson, Ray"]
[Black "Erigaisi Arjun"]
[Result "0-1"]
[ECO "D31"]
[WhiteElo "2700"]
[BlackElo "2801"]
[Annotator "TA"]
[PlyCount "83"]
[EventDate "2024.12.14"]
[EventType "swiss"]
[EventCountry "USA"]
[SourceTitle "playchess.com"]
[Source "ChessBase"]
[SourceQuality "1"]
[TimeControl "900+10"]

1. d4 d5 2. c4 e6 3. Nc3 c6 4. e4 dxe4 5. Nxe4 Bb4+ 6. Bd2 Qxd4 7. Bxb4 Qxe4+ 8. Ne2 Na6 {[%emt 0:00:04] Active counter play!} 9. Bf8 {[%emt 0:00:51] aiming for Qd6.} Qg6 (9... Ne7 $5 10. Bxg7 Rg8 $11) 10. Bd6 (10. Nf4 Qg5 11. Qd6 Ne7 12. h4) 10... e5 11. Bxe5 Nb4 (11... Nf6 $11) 12. Nf4 $1 $16 Qf5 13. Qd6 (13. Bxg7 {is more complex.} Nc2+ 14. Kd2 Nxa1 15. g3) 13... f6 (13... Nc2+ $2 14. Kd2 Nxa1 15. Bxg7 (15. Bd3 Qg5 $14) 15... Qc2+ 16. Ke3 $16) 14. Bc3 $1 (14. Qxb4 $6 Qxe5+ 15. Ne2 Ne7 $11) 14... Nc2+ 15. Kd2 Nxa1 16. Bd3 {[%emt 0:00:08] Threatening mate with Re1+.} Qd7 17. Re1+ Kf7 $1 (17... Ne7 $2 18. Bb4 O-O (18... Qxd6 $2 19. Bxd6 O-O 20. Rxe7 $18) 19. Rxe7 Qxd6 20. Bxd6 $18) 18. Qc5 g6 19. Ne6 $1 (19. Rxa1 Qe7 20. Qd4 Nh6 $17) 19... Qxe6 $1 (19... Qe7 $2 20. Ng5+ fxg5 21. Rxe7+ Nxe7 22. Bxh8 $18) 20. Rxe6 (20. Rxa1 $2 Qe7 21. Qe3 Bf5 22. Bxf5 Qxe3+ (22... gxf5 $2 23. Qg3 $19) 23. Kxe3 gxf5 $19) 20... Bxe6 21. Qd4 {[%emt 0:00:15] Inhibits Rd8.} (21. Qd6 $5) 21... c5 22. Qxc5 Rd8 $1 {[%emt 0:00:07] Dodges Qd6} 23. Ke2 $2 (23. Qxa7 Ne7 24. Ke2 (24. Qxb7 $2 Bxc4 25. f3 Rxd3+ $19) (24. Qb6 $2 Rd7 $19) 24... Rhe8 $19) (23. Bb4 $11 {and White is okay.}) 23... Nh6 24. Qc7+ (24. Qxa7 Rhe8 25. Be4 (25. Qxb7+ $2 Re7 $19) 25... Bg4+ (25... Bxc4+ $2 26. Kf3 $19) 26. f3 Rxe4+ $19) 24... Rd7 25. Qf4 Bf5 $2 (25... Ng4 $19 {has better winning chances.} 26. h3 g5) 26. Bxf5 $17 (26. Be4 $2 g5 $19 (26... Re8 $2 27. f3 $19)) 26... Nxf5 27. Qc1 ({But not} 27. g4 $2 Re8+ 28. Kf1 Rd1+ 29. Kg2 Nh4+ 30. Kg3 Rd3+ 31. f3 (31. Kxh4 $2 {loses.} g5+ $19) 31... Rxf3+ (31... Nxf3 32. Qxf6+ Kg8 33. Qg7#) 32. Qxf3 Nxf3 $19) 27... Re8+ 28. Kf1 {[%emt 0:00:03] [#]} Red8 $1 29. Ke2 {[%emt 0:00:19] [#] Repels Rd1} (29. Ke1 Nd4) 29... Nd4+ $1 30. Bxd4 Rxd4 31. g3 $2 {[%emt 0:00:16] [#]} (31. b3 $17 {was called for.}) 31... Rd1 $1 $19 32. Qxd1 Rxd1 33. Kxd1 {[%emt 0:00:01][%mdl 4096] Endgame KN-KP} Ke6 34. Kd2 Ke5 {[%emt 0:00:11] ...Kd4 would now be deadly.} 35. Kd3 a5 36. b3 g5 37. f3 (37. g4 $142 Kf4 38. c5) 37... f5 38. Kc3 g4 $2 (38... f4 $19 39. g4 Kd6) 39. fxg4 $17 fxg4 40. a3 $2 (40. Kb2 $17) 40... b6 $19 {[%emt 0:00:27][%cal Oa1b3] ( -> ...Nxb3!)} 41. a4 {[%emt 0:00:10] [#]} Nxb3 $1 42. Kxb3 0-1

[Event "FIDE Open World Rapid 2024"]
[Site "New York"]
[Date "2024.12.27"]
[Round "6.8"]
[White "Ohanyan, Emin"]
[Black "Harsha Bharathakoti"]
[Result "1-0"]
[ECO "C13"]
[WhiteElo "2514"]
[BlackElo "2531"]
[Annotator "ChessBase"]
[PlyCount "55"]
[EventDate "2024.12.14"]
[EventType "swiss"]
[EventCountry "USA"]
[SourceTitle "playchess.com"]
[Source "ChessBase"]
[SourceQuality "1"]
[TimeControl "900+10"]

1. e4 e6 2. d4 d5 3. Nc3 Nf6 4. Bg5 dxe4 5. Nxe4 Nbd7 6. Nf3 h6 7. Bxf6 Nxf6 8. Bd3 Nxe4 9. Bxe4 c5 10. Qe2 Qa5+ 11. c3 cxd4 12. Nxd4 Be7 13. Qb5+ Qxb5 14. Nxb5 O-O 15. O-O-O f5 16. Bc2 Bc5 17. f3 a6 18. Nc7 Be3+ 19. Kb1 Ra7 20. Bb3 Kf7 21. Rd6 Ke7 22. Nxe6 Rf6 23. Rd3 f4 24. Nxf4 Bxf4 25. Re1+ Be6 26. g3 a5 27. gxf4 a4 28. Bd5 1-0

[Event "FIDE Open World Rapid 2024"]
[Site "New York"]
[Date "2024.12.27"]
[Round "6.9"]
[White "Caruana, Fabiano"]
[Black "Nogerbek, Kazybek"]
[Result "1-0"]
[ECO "A14"]
[WhiteElo "2805"]
[BlackElo "2527"]
[Annotator "TA"]
[PlyCount "112"]
[EventDate "2024.12.14"]
[EventType "swiss"]
[EventCountry "USA"]
[SourceTitle "playchess.com"]
[Source "ChessBase"]
[SourceQuality "1"]
[TimeControl "900+10"]

1. c4 e6 2. g3 d5 3. Bg2 Nf6 4. Nf3 Be7 5. O-O O-O 6. d3 Nc6 7. a3 dxc4 8. dxc4 e5 {[%emt 0:00:17] The position is equal.} 9. Nc3 h6 10. Qc2 Nd4 11. Nxd4 exd4 12. Rd1 c5 13. Nd5 Nxd5 14. Bxd5 Bf6 15. Rb1 Qe7 16. b4 cxb4 17. Rxb4 ({Of course not} 17. axb4 Bg4 $14) 17... Re8 18. e4 dxe3 19. Bxe3 Bg5 20. Rb3 {[%emt 0:05:06] White is much more active.} (20. Bd4 $16) 20... Bxe3 $1 $14 21. Rxe3 Be6 22. Qa4 Qc5 {[%emt 0:02:01] White leaves nothing to chance now.} 23. Bxb7 Qxc4 {[%emt 0:00:49] [#]} (23... Rab8 $16) 24. Qxc4 $18 Bxc4 25. Bxa8 Rxa8 $16 {[%emt 0:00:01][%mdl 4096] Endgame. KRR-KRB} 26. Re7 a5 27. Rdd7 Rb8 28. Ra7 Rb1+ 29. Kg2 Bd5+ 30. Kh3 Rb5 (30... Be6+ $142 31. Kg2 Bd5+ 32. f3 Rb2+ 33. Kg1 a4 34. Rxa4 Bxf3) 31. Re3 Be6+ 32. Kg2 Bd5+ 33. f3 Bb3 34. g4 a4 35. h4 g6 36. Kg3 Kg7 37. Ra8 Rc5 38. Ree8 g5 $2 (38... Kf6 39. Rec8 Rd5) 39. Rg8+ $18 Kf6 40. Ra6+ Be6 41. hxg5+ hxg5 42. Rxa4 Rd5 43. Rh8 Rd3 44. Rh6+ Ke5 45. Re4+ Kd6 46. a4 Rd5 47. Rh1 Rd3 48. Rhe1 Bd5 (48... Kc6 $142 49. Rxe6+ fxe6 50. Rxe6+ Kd7) 49. R4e3 Rd2 50. Ra3 Bc4 51. a5 {[%emt 0:00:04] [#] Strongly threatening a6.} Ba6 52. Rb3 {[%emt 0:00:11] Black must now prevent Rb6+.} Bc4 53. Ra3 Ba6 54. Raa1 {[%emt 0:00:03] White is clearly winning.} Rc2 55. Rad1+ Kc5 56. Rc1 Kd5 {[%emt 0:00:14] Weighted Error Value: White=0.22 (precise) /Black=0.25 (precise) .  Loses game:     	---       	Black=1      Mistake:       	White=1     	Black=3      Inaccurate:     	White=1     	Black=4      OK:         	White=20    	Black=8      Best:        	White=5     	Black=2      Strong:       	---       	Black=1} 1-0

[Event "FIDE Open World Rapid 2024"]
[Site "New York"]
[Date "2024.12.27"]
[Round "6.9"]
[White "Chasin, Nico"]
[Black "Chirila, Ioan-Cristian"]
[Result "1-0"]
[ECO "D96"]
[WhiteElo "2417"]
[BlackElo "2530"]
[Annotator "ChessBase"]
[PlyCount "161"]
[EventDate "2024.12.14"]
[EventType "swiss"]
[EventCountry "USA"]
[SourceTitle "playchess.com"]
[Source "ChessBase"]
[SourceQuality "1"]
[TimeControl "900+10"]

1. d4 Nf6 2. c4 g6 3. Nc3 d5 4. Qb3 dxc4 5. Qxc4 Bg7 6. Nf3 O-O 7. Bf4 Be6 8. Qxc7 Qxc7 9. Bxc7 Nc6 10. e3 Rac8 11. Bg3 Nb4 12. Kd2 Bf5 13. a3 Nc6 14. Bd3 Na5 15. Bxf5 Nb3+ 16. Kd3 gxf5 17. Rad1 Rfd8 18. Nd2 Nxd2 19. Rxd2 Nh5 20. Bh4 Rd7 21. Ke2 Rc6 22. Rhd1 f4 23. e4 Rc4 24. Kf3 Rdxd4 25. Rxd4 Bxd4 26. Bxe7 Kg7 27. Rd3 b6 28. Bb4 a5 29. Bd6 Kg6 30. Nd5 Bxb2 31. Nxb6 Rc6 32. Nd7 f5 33. Nf8+ Kf7 34. Nxh7 fxe4+ 35. Kxe4 Kg6 36. Nf8+ Kf7 37. Nd7 Rc2 38. Kf3 Ke6 39. Nc5+ Kf5 40. Rd5+ Kg6 41. Ne4 Ng7 42. Rd2 Rxd2 43. Nxd2 Nf5 44. Nc4 Nxd6 45. Nxb2 Kf5 46. a4 Ne4 47. Nc4 Nc3 48. Nxa5 Nxa4 49. Nb3 Ke5 50. Kg4 Nc3 51. Nd2 Nd1 52. Kf3 Nb2 53. h4 Kf5 54. Nb3 Nd3 55. Nd4+ Ke5 56. Nc6+ Kf5 57. Ne7+ Ke6 58. Ng6 Kf5 59. Ne7+ Ke6 60. Nc6 Kd5 61. h5 Ke6 62. Ke4 Nxf2+ 63. Kxf4 Kf6 64. Ne5 Kg7 65. Kf5 Nh1 66. g4 Ng3+ 67. Kf4 Ne2+ 68. Kf3 Ng1+ 69. Kf4 Ne2+ 70. Kg5 Nd4 71. h6+ Kh7 72. Kh5 Ne2 73. g5 Ng3+ 74. Kg4 Ne4 75. Kf5 Ng3+ 76. Kf4 Ne2+ 77. Kg4 Nd4 78. Kh5 Ne6 79. g6+ Kg8 80. Kg4 Nf8 81. Kf5 1-0

[Event "FIDE Open World Rapid 2024"]
[Site "New York"]
[Date "2024.12.27"]
[Round "6.10"]
[White "Vachier-Lagrave, Maxime"]
[Black "Pichot, Alan"]
[Result "0-1"]
[ECO "C70"]
[WhiteElo "2731"]
[BlackElo "2637"]
[Annotator "TA"]
[PlyCount "100"]
[EventDate "2024.12.14"]
[EventType "swiss"]
[EventCountry "USA"]
[SourceTitle "playchess.com"]
[Source "ChessBase"]
[SourceQuality "1"]
[TimeControl "900+10"]

1. e4 e5 2. Nf3 Nc6 3. Bb5 a6 4. Ba4 b5 5. Bb3 Na5 6. O-O d6 7. d4 exd4 8. Re1 Nxb3 9. axb3 c5 10. c3 Be7 11. cxd4 Bb7 12. Nc3 Nf6 13. Nh4 b4 14. Nd5 Nxd5 15. exd5 O-O 16. Nf5 Re8 17. Bf4 Bf8 18. dxc5 Rxe1+ 19. Qxe1 dxc5 20. Rd1 (20. d6 $14) 20... Qd7 $11 (20... Bxd5 $2 21. Qd2 $18) 21. Ne3 $1 Re8 22. f3 g6 23. Qd2 Bg7 24. Kh1 h5 25. d6 $1 Bd4 26. Re1 (26. Nc2 $11 {remains equal.} Bh8 27. Bg3) 26... h4 (26... Re6 $17) 27. Ng4 $2 (27. h3 $1 $11 {and White is okay.}) 27... Rxe1+ $19 28. Qxe1 h3 $1 (28... Bxb2 29. Be5 Bxe5 30. Qxe5 $18) 29. Nf2 (29. Qg3) 29... hxg2+ (29... Bxb2 30. Be5 Bc3 31. Bxc3 bxc3 32. Qxc3 hxg2+ (32... Qxd6 33. Nxh3 Qd1+ 34. Ng1 $15) 33. Kxg2 Qxd6 34. Nd3 $17) 30. Kxg2 Qf5 (30... Bxb2 31. Qe7 Bc6 32. Qxd7 Bxd7 33. Nd3 $15) 31. Qd2 g5 32. d7 Qxd7 (32... Qxf4 $2 {too greedy.} 33. d8=Q+ (33. d8=R+ Kg7 $11) 33... Kg7 34. Qxg5+ Qxg5+ 35. Qxg5+ $18) 33. Bxg5 Qf5 34. Bf4 (34. Qf4 $142 Qxf4 35. Bxf4) 34... Bd5 $19 35. h3 (35. Ne4 {might work better.}) 35... Bxb3 36. Kg3 Qg6+ 37. Ng4 f5 38. Qd3 Bf7 39. Qe2 fxg4 40. hxg4 Qe6 41. Qd2 Bg6 42. Kh3 a5 43. Qd1 Qd5 44. Qe2 Kf7 45. Kg3 c4 46. Qd2 c3 47. bxc3 bxc3 48. Qe2 c2 49. Qa6 Be5 50. Qa7+ Kg8 0-1

[Event "FIDE Open World Rapid 2024"]
[Site "New York"]
[Date "2024.12.27"]
[Round "6.10"]
[White "Adewumi, Tanitoluwa"]
[Black "Xiong, Jeffery"]
[Result "0-1"]
[ECO "A12"]
[WhiteElo "2349"]
[BlackElo "2636"]
[Annotator "ChessBase"]
[PlyCount "86"]
[EventDate "2024.12.14"]
[EventType "swiss"]
[EventCountry "USA"]
[SourceTitle "playchess.com"]
[Source "ChessBase"]
[SourceQuality "1"]
[TimeControl "900+10"]

1. Nf3 d5 2. b3 Bf5 3. Bb2 e6 4. d3 h6 5. g3 Nf6 6. Bg2 Be7 7. Nbd2 O-O 8. c4 c6 9. O-O Bh7 10. Qc2 a5 11. a3 Re8 12. h3 Bf8 13. Bc3 c5 14. Ne5 Bd6 15. Bb2 Qc7 16. Ng4 Nxg4 17. hxg4 Nc6 18. Rae1 d4 19. Nf3 e5 20. e4 dxe3 21. Rxe3 Nd4 22. Bxd4 cxd4 23. Re2 Bxa3 24. Nh4 Bb4 25. Bd5 Rad8 26. Qd1 Qc8 27. Ra2 e4 28. dxe4 Bxe4 29. Qxd4 Qxg4 30. f3 Qc8 31. Qxe4 Rxe4 32. fxe4 Qh3 33. Rf3 Bc5+ 34. Raf2 Rd7 35. e5 Bxf2+ 36. Kxf2 Qh2+ 37. Ke3 Qb2 38. e6 Qe5+ 39. Kf2 fxe6 40. Rf8+ Kxf8 41. Ng6+ Ke8 42. Nxe5 exd5 43. Nxd7 Kxd7 0-1

[Event "FIDE Open World Rapid 2024"]
[Site "New York"]
[Date "2024.12.27"]
[Round "6.11"]
[White "Firouzja, Alireza"]
[Black "Antipov, Mikhail Al."]
[Result "1-0"]
[ECO "C50"]
[WhiteElo "2763"]
[BlackElo "2594"]
[Annotator "TA"]
[PlyCount "119"]
[EventDate "2024.12.14"]
[EventType "swiss"]
[EventCountry "USA"]
[SourceTitle "playchess.com"]
[Source "ChessBase"]
[SourceQuality "1"]
[TimeControl "900+10"]

1. e4 e5 2. Nf3 Nc6 3. Bc4 Bc5 4. d3 a6 5. c3 Ba7 6. a4 d6 7. O-O h6 8. Re1 Nge7 9. Nbd2 O-O 10. Nf1 Kh8 11. Nh4 f5 12. exf5 Bxf5 13. Nxf5 Rxf5 14. Be3 Qf8 15. d4 exd4 16. cxd4 d5 17. Ba2 Rf4 18. Bxf4 Qxf4 19. Bb1 (19. Ne3 $16) 19... Rf8 $14 (19... Bxd4 20. Qc2 g6 21. Ra3) 20. Qc2 Nf5 21. Ra3 Ncxd4 22. Qd2 Nd6 23. Qxf4 Rxf4 24. Rae3 Kg8 $1 25. Ng3 Nc6 26. Rf3 Rxf3 27. gxf3 Kf7 28. f4 Bd4 29. b3 Bc3 (29... Ne7 $11) 30. Rd1 $14 Ne7 31. Rc1 d4 (31... Ba5 $14) 32. Ne4 Nd5 33. Nxd6+ cxd6 34. f5 Nf4 35. Rd1 Kf6 36. h4 $1 Ke5 37. Kh2 b5 38. axb5 axb5 39. Kg3 b4 ({Better is} 39... Nd5 40. Kf3 Ne7) 40. Kf3 $16 d5 41. Bc2 Nh5 42. Rg1 Nf4 43. Rxg7 d3 {[%emt 0:00:01] [#]} 44. Bd1 ({Only move:} 44. Bb1 $1 $18) 44... d2 $2 (44... Bd2 $1 $14) 45. Re7+ $18 Kf6 46. Rd7 Ke5 47. f6 Ng6 (47... Ne6 $142 48. f7 Kf6 49. Rxd5 Kxf7) 48. h5 $18 Nf8 49. Rd8 Ne6 50. f7 Ng5+ 51. Ke3 d4+ 52. Kd3 Nxf7 {[%emt 0:00:01] [#]} 53. f4+ $1 Kf6 54. Rd7 Ke6 55. Bg4+ Kf6 56. Kc2 Nh8 57. Rd6+ Kg7 58. Be6 d3+ 59. Rxd3 (59. Kxd3 $2 {too greedy.} d1=Q+ (59... d1=R+ $2 60. Kc4 $19) 60. Ke3 Qxd6 $19) 59... Kf6 60. Rd6 1-0

[Event "FIDE Open World Rapid 2024"]
[Site "New York"]
[Date "2024.12.27"]
[Round "6.11"]
[White "Onischuk, Alexander"]
[Black "Madaminov, Mukhiddin"]
[Result "1-0"]
[ECO "A36"]
[WhiteElo "2640"]
[BlackElo "2501"]
[Annotator "ChessBase"]
[PlyCount "57"]
[EventDate "2024.12.14"]
[EventType "swiss"]
[EventCountry "USA"]
[SourceTitle "playchess.com"]
[Source "ChessBase"]
[SourceQuality "1"]
[TimeControl "900+10"]

1. c4 c5 2. Nc3 g6 3. g3 Bg7 4. Bg2 Nc6 5. Nf3 e6 6. O-O Nge7 7. e4 O-O 8. d3 d6 9. a3 f5 10. Rb1 e5 11. b4 f4 12. Nd5 b6 13. h3 Nd4 14. gxf4 exf4 15. Nxd4 Nxd5 16. Nc6 Qg5 17. cxd5 Bxh3 18. Qf3 Bd7 19. bxc5 Qh4 20. cxd6 Bg4 21. Qxf4 Rxf4 22. Bxf4 Bd7 23. Bg3 Qg5 24. e5 h5 25. Rb4 Bxc6 26. dxc6 Bxe5 27. Rb5 h4 28. Rxe5 Qg4 29. Re4 1-0

[Event "FIDE Open World Rapid 2024"]
[Site "New York"]
[Date "2024.12.27"]
[Round "6.12"]
[White "Mamedyarov, Shakhriyar"]
[Black "Shimanov, Aleksandr"]
[Result "1-0"]
[ECO "D43"]
[WhiteElo "2738"]
[BlackElo "2593"]
[Annotator "TA"]
[PlyCount "71"]
[EventDate "2024.12.14"]
[EventType "swiss"]
[EventCountry "USA"]
[SourceTitle "playchess.com"]
[Source "ChessBase"]
[SourceQuality "1"]
[TimeControl "900+10"]

1. d4 d5 2. c4 c6 3. Nf3 Nf6 4. Nc3 a6 5. Qb3 dxc4 6. Qxc4 b5 7. Qb3 e6 8. Bg5 c5 9. Rd1 c4 10. Qc2 Be7 11. e4 Bb7 12. Be2 O-O 13. O-O Nbd7 14. a3 h6 15. Bf4 Nb6 16. Rfe1 Qc8 17. Bf1 Rd8 18. g3 Qd7 19. Bh3 Qc6 ({Better is} 19... b4 $14 20. axb4 Bxb4) 20. Bg2 (20. d5 $1 $16 Nfxd5 (20... exd5 21. Nd4 $16) 21. exd5 Nxd5 22. Nxd5 Rxd5 23. Bg2) 20... Qc8 21. h3 b4 22. axb4 Bxb4 23. g4 Nh7 24. h4 Be7 (24... Nf8 $14) 25. g5 hxg5 26. hxg5 Nf8 {[%emt 0:00:05] [#]} 27. d5 exd5 $14 28. exd5 Ng6 {[%emt 0:00:05] [#]} (28... Bb4 $14) 29. Qe4 {[%emt 0:03:54] White is much more active.} ({White has to play} 29. Bg3 $1 $16) 29... Nxd5 $11 30. Nxd5 Rxd5 31. Rxd5 Bxd5 32. Qxd5 Nxf4 33. Qe4 Nxg2 34. Kxg2 {[%emt 0:00:05][%cal Oe1h1] aiming for Rh1!.} Bf8 $2 (34... g6 $11) 35. g6 $18 {[%emt 0:00:02] Intending Qh4 and mate.} Ra7 36. Ne5 $2 (36. Ng5 {mates} Be7 37. gxf7+ (37. Nxf7 Qb7 $18) 37... Kf8 38. Qh7 (38. Rh1 Bxg5 39. Rh8+ Kxf7 $18) 38... Qg4+ 39. Kf1 Qh3+ 40. Qxh3 (40. Nxh3 Kxf7 41. Qf5+ Ke8 42. Qc5 Kf7 43. Qxa7 Kg8 44. Rxe7 Kh7 45. Rxg7+ Kh8 46. Rh7+ Kg8 47. Qg7#) 40... Bxg5 41. Re8+ Kxf7 42. Qe6#) 1-0

[Event "FIDE Open World Rapid 2024"]
[Site "New York"]
[Date "2024.12.27"]
[Round "6.12"]
[White "Christiansen, Johan-Sebastian"]
[Black "Sarana, Alexey"]
[Result "1/2-1/2"]
[ECO "B50"]
[WhiteElo "2661"]
[BlackElo "2674"]
[Annotator "ChessBase"]
[PlyCount "70"]
[EventDate "2024.12.14"]
[EventType "swiss"]
[EventCountry "USA"]
[SourceTitle "playchess.com"]
[Source "ChessBase"]
[SourceQuality "1"]
[TimeControl "900+10"]

1. e4 c5 2. Nf3 d6 3. c3 Nf6 4. Be2 g6 5. O-O Bg7 6. Bb5+ Nc6 7. d4 a6 8. Be2 cxd4 9. cxd4 O-O 10. d5 Na7 11. Nc3 Nb5 12. Nxb5 axb5 13. Bd3 Bg4 14. h3 Bxf3 15. Qxf3 b4 16. Qe2 Nd7 17. Bg5 Nc5 18. Bc4 Qc7 19. Rac1 Rfc8 20. h4 b5 21. Bb3 Qd7 22. h5 h6 23. Be3 g5 24. f4 Nxb3 25. Rxc8+ Rxc8 26. axb3 gxf4 27. Rxf4 Rf8 28. Rg4 Kh7 29. Qf3 Be5 30. Rg6 Bg7 31. Rg4 Be5 32. Rg6 Bg7 33. Rg4 Be5 34. Rg6 Bg7 35. Rg4 Be5 1/2-1/2

[Event "FIDE Open World Rapid 2024"]
[Site "New York"]
[Date "2024.12.27"]
[Round "6.13"]
[White "Yu, Yangyi"]
[Black "Lomasov, Semyon"]
[Result "1/2-1/2"]
[ECO "E44"]
[WhiteElo "2724"]
[BlackElo "2559"]
[Annotator "TA"]
[PlyCount "63"]
[EventDate "2024.12.14"]
[EventType "swiss"]
[EventCountry "USA"]
[SourceTitle "playchess.com"]
[Source "ChessBase"]
[SourceQuality "1"]
[TimeControl "900+10"]

1. d4 e6 2. c4 Nf6 3. Nc3 Bb4 4. e3 b6 5. Nge2 Ne4 6. Qc2 Bb7 7. a3 Bxc3+ 8. Nxc3 Nxc3 9. Qxc3 d6 10. h4 Nd7 11. b4 a5 12. b5 f5 13. Bb2 Qe7 14. O-O-O O-O-O 15. Qc2 Rhg8 16. f3 h6 17. Bd3 g5 18. hxg5 Qxg5 19. Rde1 Qxg2 20. Qxg2 Rxg2 21. Rxh6 Bxf3 22. Rxe6 Be4 23. Bxe4 fxe4 24. Rxe4 Rh8 25. Kb1 Rhh2 26. Bc1 Rc2 27. Re8+ (27. Rh1 $5) 27... Kb7 28. Re7 Nf6 29. Re6 Nd7 30. Re7 Nf6 {[%emt 0:00:02][%cal Od6d5] and ...d5! should not be overlooked} 31. Re6 Nd7 32. Re7 1/2-1/2

[Event "FIDE Open World Rapid 2024"]
[Site "New York"]
[Date "2024.12.27"]
[Round "6.13"]
[White "Van Foreest, Jorden"]
[Black "Wagner, Dennis"]
[Result "1-0"]
[ECO "C50"]
[WhiteElo "2677"]
[BlackElo "2616"]
[Annotator "ChessBase"]
[PlyCount "89"]
[EventDate "2024.12.14"]
[EventType "swiss"]
[EventCountry "USA"]
[SourceTitle "playchess.com"]
[Source "ChessBase"]
[SourceQuality "1"]
[TimeControl "900+10"]

1. e4 e5 2. Nf3 Nc6 3. Bc4 Bc5 4. d3 Nf6 5. Nc3 h6 6. h3 a6 7. Bb3 d6 8. Ne2 Na5 9. Ng3 Nxb3 10. axb3 O-O 11. O-O Re8 12. c4 c6 13. Bd2 d5 14. Re1 Qb6 15. Re2 d4 16. Ba5 Qa7 17. b4 Bb6 18. Qd2 Bxa5 19. Rxa5 Qb8 20. Re1 Bd7 21. Rea1 Kh7 22. Nh4 Ng8 23. Rf1 f6 24. Nf3 Ne7 25. Nh2 Ng6 26. Ne2 Qd6 27. f4 Nxf4 28. Nxf4 exf4 29. Rxf4 b6 30. c5 bxc5 31. bxc5 Qc7 32. Rf2 Reb8 33. Nf3 Rxb2 34. Qxb2 Qxa5 35. Qxd4 Qc7 36. e5 f5 37. Qd6 Qxd6 38. exd6 Ra7 39. Ne5 a5 40. Nxd7 Rxd7 41. Ra2 Ra7 42. d4 Kg6 43. d5 Kf6 44. dxc6 Ke6 45. Re2+ 1-0

[Event "FIDE Open World Rapid 2024"]
[Site "New York"]
[Date "2024.12.27"]
[Round "6.14"]
[White "Dubov, Daniil"]
[Black "Lazavik, Denis"]
[Result "1/2-1/2"]
[ECO "E05"]
[WhiteElo "2693"]
[BlackElo "2578"]
[Annotator "ChessBase"]
[PlyCount "45"]
[EventDate "2024.12.14"]
[EventType "swiss"]
[EventCountry "USA"]
[SourceTitle "playchess.com"]
[Source "ChessBase"]
[SourceQuality "1"]
[TimeControl "900+10"]

1. d4 Nf6 2. Nf3 d5 3. g3 e6 4. Bg2 Be7 5. O-O O-O 6. c4 dxc4 7. Qa4 a6 8. Qxc4 b5 9. Qc2 Bb7 10. Bd2 Be4 11. Qc1 c6 12. e3 Nd5 13. Rd1 h6 14. Be1 Qc7 15. Nbd2 Bh7 16. Nb3 Nd7 17. Ba5 Qa7 18. Qd2 Rac8 19. Rac1 Be4 20. Qe2 c5 21. dxc5 Nxc5 22. Nfd4 Bxg2 23. Kxg2 1/2-1/2

[Event "FIDE Open World Rapid 2024"]
[Site "New York"]
[Date "2024.12.27"]
[Round "6.14"]
[White "Matviishen, Viktor"]
[Black "Salem, A.R. Saleh"]
[Result "1/2-1/2"]
[ECO "D85"]
[WhiteElo "2566"]
[BlackElo "2622"]
[Annotator "ChessBase"]
[PlyCount "82"]
[EventDate "2024.12.14"]
[EventType "swiss"]
[EventCountry "USA"]
[SourceTitle "playchess.com"]
[Source "ChessBase"]
[SourceQuality "1"]
[TimeControl "900+10"]

1. d4 Nf6 2. c4 g6 3. Nc3 d5 4. cxd5 Nxd5 5. e4 Nxc3 6. bxc3 Bg7 7. Nf3 c5 8. Bb5+ Nc6 9. O-O O-O 10. Bxc6 bxc6 11. Qc2 cxd4 12. cxd4 Bg4 13. Ne5 Qxd4 14. Bb2 Qb4 15. Rab1 Bxe5 16. Bxe5 Qa5 17. Bc3 Qc5 18. Qb2 Qc4 19. Rfc1 Qxe4 20. Re1 Qf4 21. Rxe7 Rab8 22. Rb7 Rxb7 23. Qxb7 Be6 24. Qxa7 Bd5 25. f3 Bxa2 26. Re1 Bd5 27. Qe7 f6 28. Qc5 Rf7 29. Qf2 Kg7 30. Bd2 Qa4 31. h4 h6 32. Bc3 Qf4 33. Bd2 Qc4 34. Rc1 Qa4 35. Bc3 Qf4 36. Bd2 Qa4 37. Bc3 g5 38. hxg5 hxg5 39. Qe3 Qh4 40. Ra1 Qf4 41. Qxf4 gxf4 1/2-1/2

[Event "FIDE Open World Rapid 2024"]
[Site "New York"]
[Date "2024.12.27"]
[Round "6.15"]
[White "Barbosa, Oliver"]
[Black "Batsuren, Dambasuren"]
[Result "0-1"]
[ECO "D37"]
[WhiteElo "2451"]
[BlackElo "2531"]
[Annotator "ChessBase"]
[PlyCount "110"]
[EventDate "2024.12.14"]
[EventType "swiss"]
[EventCountry "USA"]
[SourceTitle "playchess.com"]
[Source "ChessBase"]
[SourceQuality "1"]
[TimeControl "900+10"]

1. d4 Nf6 2. c4 e6 3. Nf3 d5 4. Nc3 a6 5. cxd5 exd5 6. Qb3 Bd6 7. Bg5 c6 8. e3 O-O 9. Bd3 Re8 10. O-O h6 11. Bh4 Nbd7 12. Rfe1 Be7 13. Bg3 Nh5 14. Be5 Nxe5 15. dxe5 Bf8 16. h3 g6 17. Rad1 b5 18. Qc2 Ng7 19. Bxg6 fxg6 20. Qxg6 Re6 21. Qc2 Qe8 22. Ne2 Bb7 23. Ned4 c5 24. Nxe6 Qxe6 25. b4 cxb4 26. Qc7 Qc6 27. Qa5 Ne6 28. Rc1 Qd7 29. Qb6 Rc8 30. Nd4 Nc5 31. Qg6+ Qg7 32. Qf5 Re8 33. f4 Bc8 34. Qh5 Qf7 35. Qh4 Nd3 36. Rxc8 Rxc8 37. Qg4+ Qg7 38. Qe6+ Kh8 39. Nf5 Qc7 40. Rf1 Nc5 41. Qg6 Qh7 42. Qg4 h5 43. Qh4 Qxf5 44. Rc1 Kg8 45. Qg3+ Bg7 46. Qh4 Ne4 47. Rd1 Nc3 48. Re1 Nxa2 49. g4 hxg4 50. hxg4 Qe6 51. Kf2 Qh6 52. Qg3 Nc3 53. Qg2 Qh4+ 54. Kf1 Ne4 55. Rd1 Qg3 0-1

[Event "FIDE Open World Rapid 2024"]
[Site "New York"]
[Date "2024.12.27"]
[Round "6.16"]
[White "Esipenko, Andrey"]
[Black "Durarbayli, Vasif"]
[Result "1/2-1/2"]
[ECO "C84"]
[WhiteElo "2682"]
[BlackElo "2622"]
[Annotator "ChessBase"]
[PlyCount "85"]
[EventDate "2024.12.14"]
[EventType "swiss"]
[EventCountry "USA"]
[SourceTitle "playchess.com"]
[Source "ChessBase"]
[SourceQuality "1"]
[TimeControl "900+10"]

1. e4 e5 2. Nf3 Nc6 3. Bb5 a6 4. Ba4 Nf6 5. d3 b5 6. Bb3 Be7 7. a4 Bb7 8. O-O O-O 9. axb5 axb5 10. Rxa8 Bxa8 11. Na3 Qb8 12. Bg5 h6 13. Bh4 d6 14. c3 Na5 15. Ba2 b4 16. cxb4 Qxb4 17. Qc2 c5 18. Nc4 Nxc4 19. Bxc4 Bc6 20. Ra1 Ra8 21. Rxa8+ Bxa8 22. h3 Bc6 23. b3 Qa5 24. Qc1 Kf8 25. Nd2 Nh5 26. Bxe7+ Kxe7 27. g3 Bd7 28. Kh2 Nf6 29. Nf1 Qa2 30. Qe1 Be6 31. Ne3 Qa3 32. Qe2 Kf8 33. Qf3 Bxc4 34. Nxc4 Qa6 35. Qe2 g6 36. Qb2 Kg7 37. f4 Nd7 38. h4 Kg8 39. Kg2 Qc6 40. Ne3 Qb5 41. Nc4 Qc6 42. Ne3 Qb5 43. Nc4 1/2-1/2